 Dungeon Crawl Stone Soup version 0.18-a0-27-g1f73fa3 (webtiles) character file.

1052 Ordine the Carver (level 8, -1/52 HPs)
             Began as a High Elf Skald on Nov 4, 2015.
             Was a Believer of Okawaru.
             Shot with an arrow by a centaur (6 damage)
             ... on level 6 of the Dungeon.
             The game lasted 00:15:04 (6419 turns).

Ordine the Carver (High Elf Skald)                  Turns: 6419, Time: 00:15:04

Health: -1/52      AC: 10    Str: 11    XL:     8   Next: 5%
Magic:  11/15      EV: 11    Int: 19    God:    Okawaru [**....]
Gold:   121        SH:  0    Dex: 14    Spells: 4 memorised, 7 levels left

rFire  . . .     SeeInvis .     e - +0 short sword (protect)
rCold  . . .     Clarity  .     b - +0 leather armour
rNeg   . . .     SustAt   .     (no shield)
rPois  +         Gourm    .     (helmet restricted)
rElec  .         Spirit   .     f - -2 cloak (curse)
rCorr  .         Warding  .     (no gloves)
rMut   .         Stasis   .     i - +0 pair of boots
MR     .....                    (no amulet)
Stlth  +.........               (no ring)
                                q - ring of poison resistance

@: infused, not resistant to hostile enchantments, very unstealthy
A: antennae 1, rugged brown scales 2
a: Heroism, Renounce Religion


You were on level 6 of the Dungeon.
You worshipped Okawaru.
Okawaru was pleased with you.
You were not hungry.

You visited 2 branches of the dungeon, and saw 7 of its levels.

You collected 121 gold pieces.

Inventory:

Hand Weapons
 a - a +0 falchion
 e - a +0 short sword of protection (weapon)
Armour
 b - a +0 leather armour (worn)
 f - a cursed -2 cloak (worn)
 i - a +0 pair of boots (worn)
 n - the +2 cloak of Gluttony {rCorr, unknown}
   (You found it on level 5 of the Dungeon)

   It protects you from acid and corrosion.
Jewellery
 q - a ring of poison resistance (left hand)
Scrolls
 m - a scroll of teleportation
 o - a scroll of amnesia
 r - a scroll of remove curse
Potions
 g - a potion of curing
 h - a potion of resistance
 k - 2 potions of cancellation
Books
 c - a book of Battle

   Spells                             Type                      Level
   a - Infusion                       Charms                       1
   b - Shroud of Golubria             Charms/Translocation         2
   c - Song of Slaying                Charms                       2
   d - Spectral Weapon                Hexes/Charms                 3
   e - Regeneration                   Charms/Necromancy            3
 p - the Reference Book on Arcane Weapons
   (You found it on level 5 of the Dungeon)

   Spells                             Type                      Level
   a - Irradiate                      Conjuration/Transmutation    5
   b - Conjure Ball Lightning         Conjuration/Air              6
   c - Delayed Fireball               Conjuration/Fire             7
Comestibles
 d - 4 bread rations
 j - a beef jerky
 l - 2 meat rations
 t - 3 chunks of flesh


   Skills:
 - Level 2.0 Fighting
 + Level 10.7 Long Blades
 - Level 0.8 Armour
 - Level 1.1 Dodging
 - Level 4.1 Spellcasting
 - Level 3.6 Charms


You had 7 spell levels left.
You knew the following spells:

 Your Spells              Type           Power        Failure   Level  Hunger
a - Infusion              Chrm           ###...       4%          1    None
b - Song of Slaying       Chrm           ###.....     8%          2    ##.....
c - Shroud of Golubria    Chrm/Tloc      ##........   14%         2    ##.....
d - Regeneration          Chrm/Necr      ##........   30%         3    ###....


Dungeon Overview and Level Annotations

Branches:
Dungeon (6/15)             Temple (1/1) D:5

Altars:
Ashenzari
Cheibriados
Dithmenos
Fedhas
Makhleb
Nemelex Xobeh
Okawaru
Qazlal
Sif Muna
Trog
Vehumet
Xom
Yredelemnul
Zin
The Shining One


Innate Abilities, Weirdness & Mutations

You have a pair of small antennae on your head.
You are mostly covered in rugged brown scales (AC +2, +5% HP).


Message History

The centaur is heavily wounded.
The centaur hits you but does no damage.
You hit the centaur but do no damage.
The centaur is heavily wounded.
The centaur hits you.
The centaur wields an uncursed shortbow.
The centaur shoots an arrow.
The arrow barely misses you.
The centaur shoots an arrow.
The arrow hits you!
* * * LOW HITPOINT WARNING * * *
You see here 3 arrows.
The centaur shoots an arrow.
The arrow hits you.
* * * LOW HITPOINT WARNING * * *
You see here an arrow.
Drink which item? (? for menu, Esc to quit)
It was a potion of mutation.
You feel extremely strange.
Rugged brown scales grow over part of your body.
A pair of antennae grows on your head!
Rugged brown scales spread over more of your body.
The quokka closely misses you.
The centaur shoots an arrow.
The arrow hits you.
You die...

.##..........
......[.....
#...........
###........... #
.........>... #.
#...c......
#.######.O........
.........(........
.#.....r@########
§.#......#
.#.#.(...#
_§§§(....#
#§#.....#
§§#......###
#.#.........#
#§§.........#
#########...#


You could see an ogre, a centaur and a quokka.

Vanquished Creatures
  A water moccasin (D:5)
  An ice beast (D:5)
  2 ogres (D:5)
  Blork the orc (D:5)
  A giant frog (D:4)
  2 scorpions (D:4)
  A centaur skeleton (D:4)
  A giant frog zombie (D:5)
  A hound (D:4)
  An iguana (D:4)
  Ijyb (D:2)
  A giant frog skeleton (D:4)
  Natasha (D:3)
  2 worker ants
  A killer bee zombie (D:5)
  8 adders
  4 gnolls (D:3)
  A worm (D:2)
  2 giant geckos
  6 orcs
  5 bats
  4 giant cockroaches
  7 goblins
  10 hobgoblins
  5 jackals
  3 kobolds
  2 quokkas
  A ball python (D:4)
  A giant cockroach zombie (D:5)
  3 giant newts
  4 rats
  A plant (D:1)
85 creatures vanquished.

Notes
Turn   | Place    | Note
--------------------------------------------------------------
     0 | D:1      | Ordine the High Elf Skald began the quest for the Orb.
     0 | D:1      | Reached XP level 1. HP: 14/14 MP: 4/4
   624 | D:1      | Reached XP level 2. HP: 19/19 MP: 6/6
   628 | D:1      | Learned a level 2 spell: Song of Slaying
   631 | D:1      | Learned a level 2 spell: Shroud of Golubria
  1181 | D:1      | Reached skill level 4 in Long Blades
  1220 | D:2      | Noticed Ijyb
  1238 | D:2      | Killed Ijyb
  1238 | D:2      | Reached XP level 3. HP: 24/24 MP: 0/7
  1601 | D:2      | Reached skill level 5 in Long Blades
  2057 | D:2      | Found an iron altar of Okawaru.
  2101 | D:2      | Became a worshipper of Warmaster Okawaru
  2142 | D:2      | Reached XP level 4. HP: 24/29 MP: 0/8
  2426 | D:3      | Reached skill level 6 in Long Blades
  2714 | D:3      | Noticed Natasha
  2723 | D:3      | Killed Natasha
  2723 | D:3      | Reached XP level 5. HP: 26/34 MP: 3/9
  3087 | D:3      | Reached skill level 7 in Long Blades
  3478 | D:3      | Found a faded altar to an unknown god.
  3612 | D:3      | Learned a level 3 spell: Regeneration
  3638 | D:4      | Reached XP level 6. HP: 17/39 MP: 4/10
  3838 | D:4      | Reached skill level 8 in Long Blades
  4065 | D:4      | Reached * piety under Okawaru
  4261 | D:4      | Found a burning altar of Makhleb.
  4506 | D:4      | Reached XP level 7. HP: 43/45 MP: 0/13
  5093 | D:5      | Entered Level 5 of the Dungeon
  5106 | D:5      | Noticed Blork the orc
  5122 | D:5      | Killed Blork the orc
  5122 | D:5      | Reached skill level 9 in Long Blades
  5299 | D:5      | Found a shattered altar of Ashenzari.
  5620 | D:5      | Got a transparent cloak
  5723 | D:5      | Reached skill level 10 in Long Blades
  5849 | D:5      | Reached XP level 8. HP: 37/50 MP: 6/14
  5923 | D:5      | Found a staircase to the Ecumenical Temple.
  5929 | D:5      | Reached ** piety under Okawaru
  5937 | Temple   | Entered the Ecumenical Temple
  6210 | D:5      | Identified the Reference Book on Arcane Weapons
  6399 | D:6      | Found a shadowy altar of Dithmenos.
  6419 | D:6      | Gained mutation: You are partially covered in rugged brown scales (AC +1, +3% HP). [potion of mutation]
  6419 | D:6      | Gained mutation: You have a pair of small antennae on your head. [potion of mutation]
  6419 | D:6      | Gained mutation: You are mostly covered in rugged brown scales (AC +2, +5% HP). [potion of mutation]
  6419 | D:6      | Shot with an arrow by a centaur

Vault maps used:
D:1:      wheals_arrival_shading, serial_forest,
          infiniplex_forest_clump_diagonal, infiniplex_forest_straight_1,
          infiniplex_forest_clump_long, infiniplex_forest_corner_2,
          infiniplex_forest_clump_long, infiniplex_forest_join,
          infiniplex_forest_end_2, infiniplex_forest_lined_2
D:2:      old_standard_altar, uniq_iyjb
D:3:      ecumenical_altar_2, grunt_ministairs_5, uniq_natasha
D:4:      makhleb_blood_cavern_becter
D:5:      kennysheep_mini_moat, minmay_temple_entry_statues_fountains,
          first_bread, uniq_blork_the_orc
D:6:      grunt_dithmenos_smoke_and_mirrors
Temple:   circular_temple_12

Action                   |  1- 3 |  4- 6 |  7- 9 || total
-------------------------+-------+-------+-------++-------
Melee: Short sword       |   156 |   216 |   129 ||   501
       Falchion          |    11 |       |       ||    11
 Cast: Infusion          |    11 |    22 |    12 ||    45
       Shroud of Golubri |     1 |       |     4 ||     5
       Song of Slaying   |       |     1 |     1 ||     2
  Use: Scroll            |     5 |     5 |     2 ||    12
       Potion            |       |     1 |     4 ||     5
 Stab: Sleeping          |     1 |       |       ||     1
  Eat: Chunk             |     3 |     9 |     6 ||    18
